Unix NetHack Version 3.7.0-97 Work-in-progress - last build Feb 8 2024 15:05:57 (6d6cdf8371b60126770a3d7b88910941cb14a054,branch:master). Game began 2024-02-15 11:59:52, ended 2024-02-15 14:06:26. nurdglaw, chaotic female human Rogue ------ |.<...### |....| # ############# |....| #%## --------- ### -------.------ -|--.- ##|.......|### |....<........### #### #|.......|# |...........{| # ## #-.......-##### |............| ### ## |.......|# ### |............| # ###### ###........|# ###.............| #####---)---- # #### ---------# -------------- #...u...| ---.----- ############## |.d@.>.| |.......| # |......| |.......| # |......| |........## |......| |.......| |......| --------- -------- Nurdglaw the Rogue St:16 Dx:15 Co:15 In:12 Wi:9 Ch:9 Chaotic S:2087 Dlvl:6 $:75 HP:0(45) Pw:19(19) AC:4 Xp:6/361 T:4052 Hungry Latest messages: You destroy the elf zombie! The little dog misses the white unicorn. The little dog bites the white unicorn. The dwarf lady throws a dagger! You are hit by a dagger. The little dog misses the white unicorn. The little dog misses the white unicorn. In what direction? h The dagger misses the dwarf lady. The little dog bites the white unicorn. In what direction? h You throw 2 daggers. The 1st dagger hits the dwarf lady. The 2nd dagger hits the dwarf lady! The little dog misses the white unicorn. In what direction? h The dagger hits the dwarf lady! The little dog misses the white unicorn. The little dog bites the white unicorn. The white unicorn butts the little dog. The white unicorn hits the little dog. In what direction? h You throw 3 daggers. The 1st dagger hits the dwarf lady! The 2nd dagger hits the dwarf lady. The 3rd dagger hits the dwarf lady! You kill the dwarf lady! f - 6 uncursed +0 daggers (at the ready) (10 in total). $ - 11 gold pieces (75 in total). f - an uncursed +0 dagger (at the ready) (11 in total). The little dog eats a dwarf lady corpse. You see here a dagger. The white unicorn butts! The white unicorn kicks! The white unicorn butts! The white unicorn just misses! In what direction? k You throw 2 daggers. The 1st dagger hits the white unicorn. The 2nd dagger hits the white unicorn. The white unicorn butts! The white unicorn kicks! The white unicorn butts! The white unicorn kicks! You die... Do you want your possessions identified? [ynq] (y) y Do you want to see your attributes? [ynq] (y) y Do you want an account of creatures vanquished? [ynaq] (y) y Do you want to see your conduct and achievements? [ynq] (y) y Do you want to see the dungeon overview? [ynq] (y) y Inventory: Coins $ - 75 gold pieces Weapons A - an uncursed +0 sling m - 10 blessed +0 darts P - 7 uncursed +0 darts K - 7 cursed -1 darts Y - a blessed +0 dagger b - an uncursed +0 dagger f - 9 uncursed +0 daggers (at the ready) E - 2 uncursed +0 orcish daggers U - a cursed -1 orcish dagger a - an uncursed +0 short sword (alternate weapon; not wielded) Armor J - an uncursed +0 helmet (being worn) c - an uncursed +0 elven mithril-coat named prayed on turn 2000 (being worn) Comestibles G - 4 uncursed food rations W - an uncursed homemade tin of gecko meat Scrolls S - an uncursed scroll of amnesia named not cursed O - 2 uncursed scrolls of create monster named not cursed Q - an uncursed scroll of destroy armor named not cursed M - a cursed scroll of food detection l - 2 uncursed scrolls of identify Potions R - a blessed potion of levitation named not cursed T - a cursed potion of monster detection named prolly cursed Rings v - an uncursed ring of cold resistance Z - an uncursed ring of searching named not cursed, donned on turn 3915 (on left hand) Wands r - an uncursed wand of cancellation (0:4) D - an uncursed wand of slow monster (0:3) V - an uncursed wand of striking (0:8) N - an uncursed wand of striking (0:5) Tools h - an uncursed sack containing 4 items k - an uncursed lock pick Contents of the sack: 268 gold pieces 2 uncursed potions of healing named not cursed 2 uncursed jasper stones a cursed worthless piece of red glass Nurdglaw the Rogue's attributes: Background: You were a Rogue, level 6 female human. You were chaotic, on a mission for Kos who was opposed by Issek (lawful) and Mog (neutral). You were left-handed. You were in the Dungeons of Doom, on level 6. You entered the dungeon 4052 turns ago. You had 361 experience points, 279 more were needed to attain level 7. Your score was 2087 before end-of-game adjustments. Basics: You had 0 out of 45 hit points. You had all 19 energy points (spell power). Your armor class was 4. Your wallet contained 75 zorkmids, and you had 268 more stashed away in your pack. Autopickup was on for '$' plus thrown. Final Characteristics: Your strength was 16 (limit:18/100). Your dexterity was 15 (limit:18). Your constitution was 15 (limit:18). Your intelligence was 12 (limit:18). Your wisdom was 9 (limit:18). Your charisma was 9 (limit:18). Final Status: You were hungry. You were unencumbered. You were bare handed. You were unskilled in bare handed combat. Final Attributes: You were piously aligned. You had automatic searching. You were stealthy. You were guarded. You are dead. Miscellaneous: You never encountered a bones level. Total elapsed playing time was 1 hour, 53 minutes and 43 seconds. Major events: Turn 1: nurdglaw the chaotic female human Rogue entered the dungeon 1423: attained the rank of Cutpurse (level 3) 2608: entered the Gnomish Mines 3507: entered Sokoban 3748: attained the rank of Rogue (level 6) 3838: completed 1st Sokoban level 4052: killed by a white unicorn Vanquished creatures: a dog 2 dwarf leaders a rock mole a pony a shrieker a gnome leader a gray ooze an elf zombie a ghoul a straw golem a floating eye a homunculus 2 kobold leaders 2 hill orcs a rothe a giant bat 2 orc zombies 2 dwarf zombies 2 iguanas 2 coyotes 2 hobbits 2 hobgoblins a cave spider a brown mold 3 yellow molds 3 geckos 6 jackals 2 foxes 2 kobolds a goblin 3 sewer rats 10 grid bugs a bat 4 lichens a kobold zombie 6 newts 75 creatures vanquished. No species were genocided or became extinct. Voluntary challenges: You read items or engraved 8 times. You engraved Elbereth 5 times. You never genocided any monsters. You never polymorphed an object. You never changed form. You used no wishes. You did not violate any of the special Sokoban rules. Achievements: You entered a shop. You attained the rank of Cutpurse. You entered the Gnomish Mines. You entered Sokoban. You attained the rank of Rogue. The Dungeons of Doom: levels 1 to 7 Level 1: Level 2: Level 3: "vault" A general store. Level 4: Stairs down to The Gnomish Mines. Level 5: Many fountains. Oracle of Delphi. Level 6: <- You were here. A fountain. Stairs up to Sokoban, level 5. Final resting place for you, killed by a white unicorn. Level 7: The Gnomish Mines: Level 5: Sokoban: levels 5 up to 4 Level 4: Unsolved. Level 5: Solved. Game over: ---------- / \ / REST \ / IN \ / PEACE \ / \ | nurdglaw | | 343 Au | | killed by a | | white unicorn | | | | | | 2024 | *| * * * | * _________)/\\_//(\/(/\)/\//\/|_)_______ Goodbye nurdglaw the Rogue... You died in The Dungeons of Doom on dungeon level 6 with 2053 points, and 343 pieces of gold, after 4052 moves. You were level 6 with a maximum of 45 hit points when you died.